 Dungeon Crawl Stone Soup version 0.31-a0-640-g39d97e502b (webtiles) character file.

Game seed: 16286076016385116231

353 qw the Shooter (level 6, -4/38 HPs)
             Began as a Gargoyle Hunter on Aug 27, 2023.
             Was an Initiate of Okawaru.
             Slain by an orc
             ... wielding a +0 mace
              (5 damage)
             ... on level 4 of the Dungeon.
             The game lasted 00:01:22 (3096 turns).

qw the Shooter (Gargoyle Hunter)                    Turns: 3096, Time: 00:01:23

Health: -4/38      AC: 10    Str: 13 (15) XL:     6   Next: 62%
Magic:  6/6        EV: 10    Int:  7 (9)  God:    Okawaru [......]
Gold:   144        SH:  0    Dex: 13 (15) Spells: 5/5 levels left

rFire   . . .        Y - +0 shortbow
rCold   + . .        (shield currently unavailable)
rNeg    + . .        b - +0 ring mail
rPois   inf          (no helmet)
rElec   +            j - scarf {repulsion}
rCorr   .            (no gloves)
SInv    .            i - +0 pair of boots
Will    .....        (no amulet)
Stlth   +            e - ring of protection from cold
HPRegen 0.26/turn    (no ring)
MPRegen 0.10/turn

%: repel missiles
@: no status effects
A: sickness immunity, AC +4, negative energy resistance 1, electricity
resistance, torment resistance 1, petrification resistance
a: Renounce Religion


You were on level 4 of the Dungeon.
You worshipped Okawaru.
Okawaru was noncommittal.
You visited 2 branches of the dungeon, and saw 5 of its levels.

You collected 144 gold pieces.


Innate Abilities, Weirdness & Mutations

You are immune to sickness and miasma.
Your stone body is resilient. (AC +4)
You are immune to poison.
You resist negative energy. (rN+)
You are resistant to electric shocks. (rElec)
You are resistant to unholy torment.
You are immune to petrification.


   Skills:
 - Level 4.2 Fighting
 + Level 6.8 Ranged Weapons
 - Level 1.0 Armour
 - Level 1.5 Dodging
 - Level 1.1 Stealth


You had 5 spell levels left.
You didn't know any spells.
Your spell library was empty.

Inventory:

Hand Weapons
 Y - a +0 shortbow (weapon)
Armour
 b - a +0 ring mail (worn)
 i - a +0 pair of boots (worn)
 j - a scarf of repulsion (worn)
Jewellery
 e - a ring of protection from cold (left hand)
Potions
 a - a potion of attraction {unknown}
 d - a potion of might
 f - a potion of curing {unknown}
 g - a potion of magic {unknown}
 h - a potion of haste {unknown}

Dungeon Overview and Level Annotations

Branches:
Dungeon (4/15)             Temple (1/1) D:4

Altars:
Ashenzari
Cheibriados
Elyvilon
Gozag
Hepliaklqana
Kikubaaqudgha
Okawaru
Qazlal
Ru
Trog
Uskayaw
Wu Jian
Xom
Zin
The Shining One

Shops:
D:3 =


Message History

The arrow hits the orc priest but does no damage.
The orc priest is lightly wounded.
Something hits you. The orc priest closely misses you.
The orc hits you but does no damage.
You shoot an arrow. The arrow hits the orc priest.
The orc priest is moderately wounded.
The orc priest hits you but does no damage.
You hear some strange, mumbled words.
You are confused.
The orc hits you with a +0 mace.
The orc priest hits you but does no damage.
Something hits you. The orc barely misses you.
Something hits you but does no damage. The orc priest barely misses you.
The orc completely misses you. Something hits you but does no damage.
The orc priest begins to cast a cantrip, but forgets the words!
The orc hits you with a +0 mace. The orc priest closely misses you.
Something hits you but does no damage. The orc closely misses you.
You hear some strange, mumbled words.
A puff of flame appears from out of thin air!
The puff of flame misses you. The orc priest hits you with a +0 mace.
The orc hits you but does no damage.
You hear some strange, mumbled words.
A magic dart appears from out of thin air!
The magic dart hits you!
The orc priest looks satisfied for a moment.
The orc hits you with a +0 mace.
You feel less confused. The orc priest closely misses you.
You hear some strange, mumbled words.
Something tries to affect you, but you resist.
The orc barely misses you.
You shoot an arrow. The arrow hits the orc priest.
The orc priest is heavily wounded.
The orc priest invokes the aid of Beogh against you.
Beogh smites you! Something hits you but does no damage.
The orc hits you but does no damage. The orc priest hits you with a +0 mace.
The orc hits you with a +0 mace.
You die...

#...............#
#.########......#
#.#.....<#..#....
#.#.######....#.#
#.#.###....####..
#.#.#...#........
#.#.#.)....######
########......#.#.#.....
......o@#...###.#...####
.....%o{..###...##..##..
........#........#..##.#
..........##..>..##....#
...........#........#.>#
##########.##...###.....
#..#.###.......
...#.#[..#.....
..........####..


You could see an orc priest and an orc.

Vanquished Creatures
  A hound (D:4)
  2 orc priests (D:3)
  Natasha (thrice) (D:2)
  An orc wizard (D:3)
  5 adders (D:2)
  3 worms
  3 dart slugs
  11 orcs
  8 endoplasms
  9 giant cockroaches
  8 goblins
  10 hobgoblins
  3 jackals (D:2)
  4 quokkas (D:3)
  7 ball pythons
  7 bats
  3 frilled lizards
  4 kobolds (D:1)
  4 rats
96 creatures vanquished.

Notes
Turn   | Place    | Note
-------+----------+-------------------------------------------
     0 | D:1      | qw the Gargoyle Hunter began the quest for the Orb.
     0 | D:1      | Reached XP level 1. HP: 12/12 MP: 1/1
     0 | D:1      | 0 ||| qw: Version: 0.3-a-74-g0d5e918
     0 | D:1      | 0 ||| qw: Game counter: 194
     0 | D:1      | 0 ||| qw: Melee chars always use a shield: true
     0 | D:1      | 0 ||| qw: God list: Okawaru
     0 | D:1      | 0 ||| qw: Allow faded altars: false
     0 | D:1      | 0 ||| qw: Do Orc after clearing Dungeon:15 true
     0 | D:1      | 0 ||| qw: Do second Lair branch before Depths: true
     0 | D:1      | 0 ||| qw: Lair rune preference: random
     0 | D:1      | 0 ||| qw: Goals: Normal
     0 | D:1      | 0 ||| PLANNING D:1-11
    57 | D:1      | Reached XP level 2. HP: 17/17 MP: 2/2
   302 | D:1      | Reached XP level 3. HP: 21/21 MP: 3/3
   406 | D:1      | Reached skill level 5 in Ranged Weapons
   526 | D:1      | 526 ||| UPGRADING to +0 pair of boots.
   531 | D:1      | 531 ||| READING scroll labelled YGARIYREANK.
   532 | D:1      | 532 ||| READING scroll labelled SIGI DOSAMN.
   533 | D:1      | 533 ||| READING 2 scrolls labelled UCVASOAZUSS.
   534 | D:1      | 534 ||| READING scroll labelled GIOGINLESA.
   535 | D:1      | 535 ||| READING scroll labelled OSIB UTUNTAOL.
   536 | D:1      | 536 ||| DROPPING scroll of butterflies.
   537 | D:1      | 537 ||| DROPPING scroll of noise.
   578 | D:2      | Noticed Natasha
   585 | D:2      | Killed Natasha
   586 | D:2      | Reached skill level 3 in Fighting
   661 | D:2      | Reached XP level 4. HP: 28/28 MP: 4/4
   929 | D:2      | Reached XP level 5. HP: 32/32 MP: 5/5
   944 | D:2      | Noticed Natasha
   952 | D:2      | Killed Natasha
   953 | D:2      | Reached skill level 6 in Ranged Weapons
  1425 | D:2      | Reached skill level 1 in Armour
  1601 | D:2      | 1601 ||| UPGRADING to scarf of repulsion.
  1606 | D:2      | 1606 ||| UPGRADING to ring of protection from cold.
  1607 | D:2      | 1607 ||| READING scroll labelled PUETED REGI.
  1608 | D:2      | 1608 ||| READING scroll labelled JEIZAR VUABI.
  1609 | D:2      | 1609 ||| DRINKING 2 golden potions.
  1617 | D:2      | Noticed Natasha
  1627 | D:2      | Killed Natasha
  1680 | D:3      | 1680 ||| PLANNING SEWER
  1734 | D:3      | 1734 ||| Stepping ~*~*~tactically~*~*~ (outnumbered).
  1747 | D:3      | Reached XP level 6. HP: 32/38 MP: 6/6
  1924 | D:3      | Found an ancient bone altar of Kikubaaqudgha.
  2307 | D:3      | Found Afexeero's Jewellery Shop.
  2315 | D:3      | 2315 ||| SHOPLISTING +6 ring of strength (468 gold, have
                  | 118).
  2315 | D:3      | 2315 ||| SHOPLISTING amulet of faith (520 gold, have 118).
  2315 | D:3      | 2315 ||| SHOPLISTING ring of positive energy (260 gold,
                  | have 118).
  2432 | D:3      | 2432 ||| RIP SEWER
  2433 | D:3      | 2433 ||| PLANNING D:1-11
  2583 | D:3      | 2583 ||| Stepping ~*~*~tactically~*~*~ (water).
  2588 | D:3      | 2588 ||| Stepping ~*~*~tactically~*~*~ (water).
  2610 | D:3      | 2610 ||| Stepping ~*~*~tactically~*~*~ (water).
  2721 | D:3      | 2721 ||| UPGRADING to +0 ring mail.
  2731 | D:3      | 2731 ||| DROPPING +0 leather armour.
  2732 | D:3      | 2732 ||| READING scroll labelled NONAUTZUOSI.
  2737 | D:3      | 2737 ||| DRINKING 3 glowing golden potions.
  2738 | D:3      | 2738 ||| DROPPING 2 potions of degeneration.
  2800 | D:4      | Found a staircase to the Ecumenical Temple.
  2801 | D:4      | 2801 ||| PLANNING TEMPLE
  2809 | Temple   | Entered the Ecumenical Temple
  2810 | Temple   | 2810 ||| PLANNING OKAWARU WORSHIP
  2818 | Temple   | Became a worshipper of Warmaster Okawaru
  2819 | Temple   | 2819 ||| PLANNING D:1-11
  3096 | D:4      | HP: 6/38 [orc priest/divine providence (8)]
  3096 | D:4      | HP: 1/38 [orc priest/+0 mace (5)]
  3096 | D:4      | Slain by an orc

Levels and vault maps discovered:
D:1:      spicycebolla_arrival_xxxplode, layout_rooms
D:2:      minmay_angry_zag, layout_loops_corners, uniq_natasha
D:3:      layout_basic, mainiacjoe_overflow_brackets, serial_shops,
          nicolae_shop_gaudy_bauble, gup_sewer_entry_pipe
D:4:      layout_basic, nicolae_yredelemnul_corpse_copse,
          minmay_temple_entry_slanted, uniq_grinder
Temple:   nicolae_temple_ecumenical_triangle

Skill      XL: |  1  2  3  4  5 |
---------------+----------------+-----
Ranged Weapons | 5 6 |  6.8
Fighting       | 3 4 |  4.2
Armour         | 1 |  1.0
Dodging        | |  1.5
Stealth        | |  1.1

Action                     |  1- 3 |  4- 6 || total
---------------------------+-------+-------++-------
   Fire: Shortbow          |    87 |   251 ||   338
    Use: Scroll            |     5 |     3 ||     8
         Potion            |       |     2 ||     2
 Armour: Leather armour    |     9 |    29 ||    38
         Ring mail         |       |    25 ||    25
  Dodge: Dodged            |     9 |    52 ||    61
         Repelled          |       |     2 ||     2

Table legend:
 A = Non-vault XP
 B = Vault XP
 C = Vault XP percentage of total XP
 D = Non-vault monster count
 E = Vault monster count
 F = Vault count percentage of total count
                 A         B        C        D         E       F
            +---------+---------+-------+---------+---------+-------
      Total |     452 |      53 |  10.5 |      85 |      11 |  11.5
            +---------+---------+-------+---------+---------+-------
        D:1 |      45 |       0 |   0.0 |      27 |       0 |   0.0
        D:2 |     175 |      41 |  19.0 |      24 |       5 |  17.2
        D:3 |     175 |      12 |   6.4 |      27 |       6 |  18.2
        D:4 |      57 |       0 |   0.0 |       7 |       0 |   0.0
            +---------+---------+-------+---------+---------+-------
